 Dungeon Crawl Stone Soup version 0.31-a0-728-g01b46875f1 (webtiles) character file.

Game seed: 18328403784001319465

142545 microfolk the Eclecticist (level 17, -9/128 HPs)
             Began as a Djinni Hedge Wizard on Sept 11, 2023.
             Was the Champion of Makhleb.
             Mangled by a naga
             ... wielding a +0 glaive
              (36 damage)
             ... on level 3 of the Snake Pit.
             The game lasted 01:40:06 (35419 turns).

microfolk the Eclecticist (Djinni Hedge Wizard)    Turns: 35419, Time: 01:40:07

Health: -9/128     AC: 11    Str:  9    XL:     17   Next: 97%
Gold:   865        EV:  7    Int: 26    God:    Makhleb [******] SH: 13 Dex: 16

rFire   + . .        u - +9 short sword "Ucuepago" {heavy, Int+3}
rCold   . . .        j - +0 kite shield
rNeg    . . .        D - +3 troll leather armour {Snorg}
rPois   ∞            c - +1 hat
rElec   +            R - +0 cloak
rCorr   .            p - +2 pair of gloves
SInv    .            (boots unavailable)
Will    ++...        V - amulet of Qoecolub {Faith rElec MP+9 Dex+2}
Stlth   ++           W - ring of ice
HPRegen 1.21/turn    K - ring of willpower
MPRegen 0.00/turn

%: faith, infuse magic (-10 HP)
@: flying, constricted, studying 2 skills
A: sickness immunity, fire resistance 2, cold vulnerability 1, float, innate
caster, HP casting, extra vitality 1
a: Renounce Religion, Minor Destruction, Lesser Servant of Makhleb, Major
Destruction, Greater Servant of Makhleb


You were on level 3 of the Snake Pit.
You worshipped Makhleb.
Makhleb was exalted by your worship.
You visited 5 branches of the dungeon, and saw 26 of its levels.
You also visited: Bailey and Volcano.

You collected 3672 gold pieces.
You spent 2807 gold pieces at shops.

Inventory:

Hand Weapons
 a - a +1 dagger of venom
 u - the +9 short sword "Ucuepago" (weapon) {heavy, Int+3}
   (You found it on level 3 of the Dungeon)

   Int+3:     It affects your intelligence (+3).
Missiles
 A - 2 curare-tipped darts
Armour
 c - a +1 hat (worn)
 j - a +0 kite shield (worn)
 p - a +2 pair of gloves (worn)
 B - a +0 scale mail of cold resistance
 D - a +3 troll leather armour (worn) {Snorg}
 R - a +0 cloak (worn)
 U - a scarf of resistance
Jewellery
 e - a +4 ring of protection
 f - a ring of resist corrosion
 l - a +6 ring of dexterity
 m - a ring of protection from cold
 s - a +6 ring of strength
 C - a ring of see invisible
 K - a ring of willpower (right hand)
 T - a ring of wizardry
 V - the amulet of Qoecolub (around neck) {Faith rElec MP+9 Dex+2}
   (You bought it in a shop on level 6 of the Dungeon)

   [amulet of faith]

   Faith:     It allows you to gain divine favour quickly.
   Dex+2:     It affects your dexterity (+2).
   rElec:     It insulates you from electricity.
   MP+9:      It affects your magic capacity (+9).
 W - a ring of ice (left hand)
Wands
 x - a wand of mindburst (13)
 J - a wand of charming (29)
 L - a wand of light (19)
 Q - a wand of iceblast (17)
 X - a wand of digging (6)
Scrolls
 d - 6 scrolls of teleportation
 g - 4 scrolls of enchant armour
 o - 4 scrolls of blinking
 q - 7 scrolls of fear
 r - 2 scrolls of revelation
 v - 3 scrolls of silence
 y - 2 scrolls of noise
 z - 2 scrolls of butterflies
 E - 2 scrolls of poison {unknown}
 F - 3 scrolls of fog
 I - a scroll of brand weapon {unknown}
 M - 2 scrolls of enchant weapon
 S - 2 scrolls of vulnerability {unknown}
 Z - 2 scrolls of immolation {unknown}
Potions
 b - 2 potions of attraction
 h - 6 potions of brilliance
 i - 6 potions of enlightenment
 k - 6 potions of heal wounds {@q2}
 n - 5 potions of curing {@q1}
 t - 3 potions of resistance
 w - 7 potions of haste
 G - 3 potions of berserk rage
 H - 4 potions of mutation
 N - a potion of invisibility
 O - 3 potions of might
 P - a potion of lignification


   Skills:
 + Level 13.9 Fighting
 - Level 2.1 Dodging
 - Level 1.5 Stealth
 + Level 13.8 Shields
 * Level 15.8 Spellcasting
 * Level 15.8 Conjurations
 * Level 15.8 Hexes
 * Level 15.8 Summonings
 * Level 15.8 Necromancy
 * Level 15.8 Translocations
 * Level 15.8 Transmutations
 * Level 15.8 Fire Magic
 * Level 15.8 Ice Magic
 * Level 15.8 Air Magic
 * Level 15.8 Earth Magic
 * Level 15.8 Poison Magic
 + Level 12.8 Invocations


You knew the following spells:

 Your Spells              Type           Power      Damage    Failure   Level
a - Leda's Unmaking       Conj/Erth      40%        9d7       1%          6
b - Slow                  Hex            100%       N/A       0%          1
c - Blink                 Tloc           100%       N/A       1%          2
d - Call Imp              Summ           100%       N/A       1%          2
e - Mephitic Cloud        Conj/Pois/Air  80%        N/A       1%          3
f - Kiss of Death         Conj/Necr      100%       2d13      0%          1
g - Scorch                Fire           100%       2d9       1%          2
h - Summon Guardian Gole  Hex/Summ       80%        N/A       1%          3
i - Vhi's Electric Charg  Tloc/Air       100%       N/A       1%          4
j - Fireball              Conj/Fire      40%        3d16      1%          5
k - Irradiate             Conj/Tmut      40%        3d25      1%          5
l - Magic Dart            Conj           100%       1d8       0%          1
m - Conjure Ball Lightni  Conj/Air       40%        3x3d13    1%          6
Your spell library was empty.

Dungeon Overview and Level Annotations

Branches:
Dungeon (15/15)            Temple (1/1) D:7            Lair (5/5) D:11
 Shoals (0/4) Lair:3        Snake (3/4) Lair:2        Slime (0/5) Lair:4
    Orc (2/2) D:9             Elf (0/3) Orc:2        Vaults (0/5) D:14
 Depths (0/4) D:15         Bailey (visited)         Volcano (visited)

Altars:
Ashenzari
Cheibriados
Dithmenos
Elyvilon
Fedhas
Gozag
Hepliaklqana
Makhleb
Nemelex Xobeh
Okawaru
Qazlal
Ru
Trog
Uskayaw
Wu Jian
Xom
Yredelemnul
Zin
The Shining One
Jiyva

Shops:
D:6 =   D:7 :   D:8 (?(   D:9 (   D:11 (   D:14 !   Orc:2 [*?[   Snake:1 [

Portals:
Hell: Lair:5

Annotations:
D:5 2 transporters
D:9 3 runed translucent doors, Dirtsage's ghost, novice TrSh
D:13 exclusion: downstairs
D:14 exclusion: downstairs, Roxanne
Lair:1 Gastronok
Lair:5 3 runed translucent doors, Maratek's ghost, journeyman DsFi
Orc:2 3 runed translucent doors, Ijipin's ghost, novice MiFi


Innate Abilities, Weirdness & Mutations

You are immune to sickness and miasma.
You are immune to poison.
Your flesh is very heat resistant. (rF++)
You are vulnerable to cold. (rC-)
You float through the air rather than walking.
You learn spells naturally, not from books.
Your magical power is your life essence.
You have superior vitality. (+4 MHP)


Message History

The blast of lightning engulfs you. You resist.
A black mamba comes into view.
The anaconda grabs you.
You stop ascending the stairs.
You block the anaconda's attack. The anaconda constricts you.
The anaconda barely misses you. The anaconda constricts you.
Casting: Fireball (mildly dangerous; 1% risk of failure)
Confirm with . or Enter, or press ? or * to list all spells.
Aiming: Leda's Unmaking (dangerous; 1% risk of failure)
Press: ? - help, Shift-Dir - straight line, f - anaconda
Aim: an anaconda (moderately wounded, constricting you, 57% to hit)
The entropic shot hits the anaconda!!!
The anaconda is almost dead.
The black mamba bites you! The anaconda bites you! The anaconda constricts you.
The salamander hits you from afar with a +0 trident!
* * * LOW HITPOINT WARNING * * *
You are engulfed in flames.
You resist.
* * * LOW HITPOINT WARNING * * *
Casting: Leda's Unmaking (dangerous; 1% risk of failure)
Confirm with . or Enter, or press ? or * to list all spells.
You create some ball lightning!
* * * LOW HITPOINT WARNING * * *
3 ball lightnings come into view.
The black mamba bites you but does no damage.
The anaconda closely misses you. The anaconda constricts you.
* * * LOW HITPOINT WARNING * * *
The black mamba bites you but does no damage.
The anaconda bites you but does no damage.
The anaconda constricts you.
* * * LOW HITPOINT WARNING * * *
You block the salamander's attack.
The anaconda's grasp on you weakens, but your attempt to escape fails.
The anaconda bites you!
* * * LOW HITPOINT WARNING * * *
The anaconda constricts you.
* * * LOW HITPOINT WARNING * * *
The black mamba bites you.
* * * LOW HITPOINT WARNING * * *
You block the anaconda's attack. The anaconda constricts you.
The naga hits you from afar with a +0 glaive!!!
You die...

##### #..... .
)..... ...
#...... ...)#
N......
.....§##SN.....
.....**@SN.....
####.§*........
##§#####....
#.# ### ... ..#
... ..


You could see a naga warrior, a salamander (strong), an anaconda (ally target),
a black mamba (ally target), a naga (strong, catching breath) and 3 friendly
ball lightnings.

Vanquished Creatures
  A nagaraja (Snake:2)
  An entropy weaver (shapeshifter) (D:13)
  A rakshasa (D:15)
  A hell beast (Lair:5)
  2 ice dragons (D:15)
  A salamander tyrant (Snake:1)
  4 anacondas
  7 hydras
  2 catoblepae
  2 death knights
  2 dancing weapons (D:14)
  8 centaur warriors
  4 boulder beetles
  3 two-headed ogres
  4 death yaks (Lair:2)
  3 tengu warriors
  2 naga warriors
  5 orc high priests (Orc:2)
  4 shock serpents
  A naga sharpshooter (Snake:1)
  3 skysharks
  A salamander mystic (Snake:2)
  2 wizards
  A phantasmal warrior (D:15)
  3 naga ritualists
  3 lindwurms
  3 mana vipers
  A deep elf pyromancer (D:15)
  2 orc knights
  4 orc sorcerers
  16 ugly things
  3 manticores
  6 cyclopes
  3 salamanders (Snake:2)
  18 black mambas
  6 elephants
  2 guardian serpents
  5 naga magi
  4 torpor snails
  3 molten gargoyles (Volcano)
  10 cane toads
  3 gargoyles
  4 orange demons (Lair:5)
  An unseen horror (D:13)
  3 yaktaurs (D:14)
  12 komodo dragons
  7 efreet
  3 kobold demonologists
  12 rime drakes
  2 ice devils (Lair:5)
  2 freezing wraiths (D:15)
  2 trolls
  3 polar bears
  6 meliai
  A hellwing (Lair:5)
  24 blink frogs
  A snapping turtle (Lair:3)
  6 dream sheep
  10 slime creatures
  4 shadows
  4 fire elementals (Volcano)
  3 wraiths
  A vampire (D:12)
  40 yaks
  6 basilisks
  4 wyverns
  2 steam dragons (D:10)
  A vampire mosquito (D:15)
  Menkaure (D:6)
  3 wargs
  19 nagas
  An acid dragon (D:12)
  4 hell hounds (Lair:5)
  21 water moccasins
  18 orc warriors
  2 sky beasts
  A black bear (D:5)
  A black bear (shapeshifter) (D:13)
  5 ogres
  15 wolves
  11 centaurs
  A phantom (D:5)
  3 kobold brigands
  2 earth elementals (Volcano)
  11 bullfrogs
  2 wights (D:9)
  21 killer bees
  3 howler monkeys (D:11)
  2 hounds
  2 jellies
  24 orc priests
  An iguana (D:4)
  23 orc wizards
  8 adders
  12 gnolls
  2 white imps (D:6)
  A nameless horror (D:8)
  An ufetubus (D:5)
  A worm (D:2)
  5 dart slugs
  57 orcs
  10 ball pythons
  10 endoplasms
  4 giant cockroaches
  3 hobgoblins
  A jackal (D:4)
  14 kobolds
  3 quokkas
  7 bats
  A frilled lizard (D:3)
  6 goblins
  8 rats
675 creatures vanquished.

Vanquished Creatures (collateral kills)
  A black mamba (Lair:5)
  3 killer bees (D:10)
  An orc wizard (D:10)
  An adder (D:2)
  A dart slug (D:2)
  7 orcs (D:8)
  2 endoplasms
  2 goblins (D:2)
  A hobgoblin (D:2)
  6 jackals
  A quokka (D:2)
  2 kobolds
28 creatures vanquished.

Vanquished Creatures (others)
  Snorg (Lair:3)
  A boulder beetle (D:11)
  3 two-headed ogres
  Lodul (D:10)
  An orc knight (D:11)
  An elephant (Lair:1)
  A black mamba (Lair:1)
  A komodo dragon (Lair:1)
  A troll (D:9)
  Prince Ribbit (D:7)
  6 yaks
  An orc warrior (Orc:1)
  4 ogres
  A centaur (D:7)
  An earth elemental (Volcano)
  2 gnoll sergeants
  2 wights (D:9)
  A gnoll (D:9)
  5 ball lightnings
35 creatures vanquished.

Grand Total: 738 creatures vanquished

Notes
Turn   | Place    | Note
-------+----------+-------------------------------------------
     0 | D:1      | microfolk the Djinni Hedge Wizard began the quest for the
                  | Orb.
     0 | D:1      | microfolk set off with the following spells memorised:
                  | Magic Dart, Slow, Blink, Call Imp, Mephitic Cloud.
     0 | D:1      | Reached XP level 1. HP: 15/15 MP: 0/0
   143 | D:1      | Reached XP level 2. HP: 10/22 MP: 0/0
   595 | D:1      | Reached skill level 1 in Fighting
  1014 | D:1      | Reached XP level 3. HP: 26/27 MP: 0/0
  1014 | D:1      | Learned a level 1 spell: Kiss of Death
  1249 | D:2      | Found a shadowy altar of Dithmenos.
  1721 | D:2      | Reached XP level 4. HP: 30/32 MP: 0/0
  2215 | D:3      | Reached skill level 1 in Shields
  2360 | D:3      | Found a burning altar of Makhleb.
  2508 | D:3      | Identified the +9 short sword "Ucuepago" {heavy, Int+3}
  2530 | D:3      | Reached XP level 5. HP: 31/38 MP: 0/0
  2530 | D:3      | Learned a level 2 spell: Scorch
  2603 | D:3      | Found a bloodstained altar of Trog.
  4051 | D:5      | Entered Level 5 of the Dungeon
  4138 | D:5      | Found a transporter.
  4140 | D:5      | Noticed a fire bat
  4141 | D:5      | Noticed a fire bat
  4174 | D:5      | Noticed a black bear
  4182 | D:5      | Killed a black bear
  4183 | D:5      | Reached XP level 6. HP: 32/45 MP: 0/0
  4358 | D:5      | Reached XP level 7. HP: 44/50 MP: 0/0
  4358 | D:5      | Learned a level 3 spell: Summon Guardian Golem
  4458 | D:5      | Found a broken altar of Ashenzari.
  4987 | D:5      | Found a transporter.
  5217 | D:6      | Found Roghug's Jewellery Boutique.
  5243 | D:6      | Noticed a water moccasin
  5259 | D:6      | Reached skill level 5 in Spellcasting
  5259 | D:6      | Reached skill level 5 in Conjurations
  5259 | D:6      | Reached skill level 5 in Hexes
  5259 | D:6      | Reached skill level 5 in Summonings
  5259 | D:6      | Reached skill level 5 in Necromancy
  5259 | D:6      | Reached skill level 5 in Translocations
  5259 | D:6      | Reached skill level 5 in Transmutations
  5259 | D:6      | Reached skill level 5 in Fire Magic
  5259 | D:6      | Reached skill level 5 in Ice Magic
  5259 | D:6      | Reached skill level 5 in Air Magic
  5259 | D:6      | Reached skill level 5 in Earth Magic
  5259 | D:6      | Reached skill level 5 in Poison Magic
  5262 | D:6      | Killed a water moccasin
  5315 | D:6      | Reached XP level 8. HP: 49/58 MP: 0/0
  5592 | D:6      | Noticed Menkaure
  5596 | D:6      | Killed Menkaure
  6016 | D:7      | Found Vieshotef's Vocational Training.
  6185 | D:7      | Reached skill level 5 in Fighting
  6323 | D:7      | Found an iron altar of Okawaru.
  6325 | D:7      | Reached XP level 9. HP: 63/65 MP: 0/0
  6325 | D:7      | Learned a level 4 spell: Vhi's Electric Charge
  6507 | D:7      | Noticed Prince Ribbit
  6515 | D:7      | Killed Prince Ribbit
  6516 | D:7      | Reached skill level 5 in Shields
  6790 | D:7      | Found a staircase to the Ecumenical Temple.
  6796 | Temple   | Entered the Ecumenical Temple
  6977 | D:3      | Became a worshipper of Makhleb the Destroyer
  7114 | D:8      | Found Busuwoh's Magic Scroll Shop.
  7129 | D:8      | Found Doeh's Weapon Emporium.
  7197 | D:8      | Bought a scroll of fog for 52 gold pieces
  7542 | D:8      | Found Zauhej's Antique Weapon Emporium.
  7674 | D:8      | Reached * piety under Makhleb
  8379 | D:9      | Noticed a cyan ugly thing
  8447 | D:9      | Reached skill level 1 in Invocations
  8584 | D:9      | Reached XP level 10. HP: 57/73 MP: 0/0
  8746 | D:9      | Noticed a two-headed ogre
  8754 | D:9      | Killed a two-headed ogre
  8790 | D:9      | Found a runed translucent gate.
  8791 | D:9      | Found a runed translucent gate.
  8924 | D:9      | Found Evulelar's Weapon Emporium.
  8927 | D:9      | Found a staircase to the Orcish Mines.
  9030 | D:9      | Found a runed translucent gate.
  9034 | D:9      | Noticed Dirtsage's ghost (novice TrSh)
  9108 | D:9      | Noticed a two-headed ogre
  9130 | D:9      | Killed a two-headed ogre
  9311 | D:9      | Reached ** piety under Makhleb
  9539 | D:9      | Found a viscous altar of Jiyva.
  9590 | D:9      | Killed a cyan ugly thing
  9591 | D:9      | Reached XP level 11. HP: 54/79 MP: 0/0
  9591 | D:9      | Learned a level 5 spell: Fireball
  9732 | D:10     | Entered Level 10 of the Dungeon
  9750 | Orc:1    | Entered Level 1 of the Orcish Mines
  9825 | D:10     | Found a white marble altar of Elyvilon.
  9862 | D:10     | Found a flagged portal.
  9934 | Bailey   | Entered a bailey
 10709 | D:10     | Found a sacrificial altar of Ru.
 10716 | D:10     | Reached skill level 5 in Invocations
 10724 | D:10     | Noticed Lodul
 10732 | D:10     | Killed Lodul
 10739 | D:10     | Reached *** piety under Makhleb
 11231 | D:10     | Noticed a two-headed ogre
 11236 | D:10     | Killed a two-headed ogre
 11374 | D:10     | Reached XP level 12. HP: 87/88 MP: 0/0
 11904 | D:11     | Noticed a two-headed ogre
 11950 | D:11     | Noticed a boulder beetle
 11961 | D:11     | Killed a boulder beetle
 12091 | D:11     | Killed a two-headed ogre
 12325 | D:11     | Reached skill level 10 in Spellcasting
 12325 | D:11     | Reached skill level 10 in Conjurations
 12325 | D:11     | Reached skill level 10 in Hexes
 12325 | D:11     | Reached skill level 10 in Summonings
 12325 | D:11     | Reached skill level 10 in Necromancy
 12325 | D:11     | Reached skill level 10 in Translocations
 12325 | D:11     | Reached skill level 10 in Transmutations
 12325 | D:11     | Reached skill level 10 in Fire Magic
 12325 | D:11     | Reached skill level 10 in Ice Magic
 12325 | D:11     | Reached skill level 10 in Air Magic
 12325 | D:11     | Reached skill level 10 in Earth Magic
 12325 | D:11     | Reached skill level 10 in Poison Magic
 12509 | D:11     | Found Lobomud's Weapon Shoppe.
 12831 | D:11     | Found a staircase to the Lair.
 13085 | D:11     | Noticed a six-headed hydra
 13598 | D:11     | Found Lobomud's Weapon Shoppe.
 13719 | D:11     | Found a staircase to the Lair.
 13894 | D:11     | Noticed a death knight
 14574 | Lair:1   | Entered Level 1 of the Lair of Beasts
 14768 | D:11     | Reached **** piety under Makhleb
 15251 | Lair:1   | Reached XP level 13. HP: 84/96 MP: 0/0
 15251 | Lair:1   | Learned a level 5 spell: Irradiate
 15351 | Lair:1   | Reached skill level 10 in Fighting
 15621 | D:6      | Bought the amulet of Qoecolub {Faith rElec MP+9 Dex+2} for
                  | 925 gold pieces
 15983 | Lair:1   | Noticed Gastronok
 16121 | Lair:1   | Reached skill level 10 in Shields
 17266 | Lair:2   | Found a staircase to the Snake Pit.
 17872 | Lair:2   | Noticed a seven-headed hydra
 17877 | Lair:2   | Killed a seven-headed hydra
 17920 | Lair:2   | Reached ***** piety under Makhleb
 18917 | Lair:2   | Found a staircase to the Snake Pit.
 18980 | Lair:2   | Reached XP level 14. HP: 86/105 MP: 0/0
 19820 | Lair:3   | Reached XP level 15. HP: 111/111 MP: 0/0
 19820 | Lair:3   | Learned a level 6 spell: Leda's Unmaking
 20157 | Lair:3   | Noticed Snorg
 20165 | Lair:3   | Killed Snorg
 20518 | Lair:3   | Found a staircase to the Shoals.
 21702 | Lair:4   | Found a viscous altar of Jiyva.
 21702 | Lair:4   | Found a staircase to the Slime Pits.
 21862 | Lair:5   | Entered Level 5 of the Lair of Beasts
 21862 | Lair:5   | Found a runed translucent gate.
 21862 | Lair:5   | Found a runed translucent gate.
 21862 | Lair:5   | Found a runed translucent gate.
 22032 | Lair:5   | Noticed Maratek's ghost (journeyman DsFi)
 22052 | Lair:5   | Found a dark tunnel.
 22067 | Volcano  | Entered a volcano
 22100 | Volcano  | Reached ****** piety under Makhleb
 23020 | Lair:5   | Reached XP level 16. HP: 92/118 MP: 0/0
 23833 | Lair:5   | Found a burning altar of Makhleb.
 23843 | Lair:5   | Found a gateway to Hell.
 24742 | D:11     | Found Lobomud's Weapon Shoppe.
 24797 | D:11     | Found a staircase to the Lair.
 25322 | Orc:2    | Entered Level 2 of the Orcish Mines
 25934 | Orc:2    | Found a staircase to the Elven Halls.
 26073 | Orc:2    | Found a runed translucent gate.
 26073 | Orc:2    | Found a runed translucent gate.
 26073 | Orc:2    | Found a runed translucent gate.
 26078 | Orc:2    | Noticed Ijipin's ghost (novice MiFi)
 26078 | Orc:2    | Identified the +1 chain mail of Aqyisaog {*Corrode Will+
                  | Dex+8 SInv}
 26357 | Orc:2    | Found Lefeelu's Magic Scroll Shop.
 26357 | Orc:2    | Found Diur's Armour Boutique.
 26360 | Orc:2    | Found Rasurem's Assorted Antiques.
 26362 | Orc:2    | Found Xygg's Antique Armour Shop.
 26365 | Orc:2    | Bought 3 scrolls of fear for 120 gold pieces
 26369 | Orc:2    | Bought a scroll of enchant weapon for 75 gold pieces
 26369 | Orc:2    | Bought a scroll of identify for 20 gold pieces
 26369 | Orc:2    | Bought a scroll of butterflies for 40 gold pieces
 26369 | Orc:2    | Bought a scroll of identify for 20 gold pieces
 26462 | Orc:2    | Bought a glittering emerald amulet for 140 gold pieces
 26462 | Orc:2    | Identified the amulet of Wiroal {Spirit Int+4} (You bought
                  | it in a shop on level 2 of the Orcish Mines)
 26467 | Orc:2    | Bought a scroll of teleportation for 30 gold pieces
 26467 | Orc:2    | Bought a scroll of blinking for 75 gold pieces
 26613 | D:7      | Bought a manual of Invocations for 1280 gold pieces
 27496 | D:12     | Found an ornate altar of the Wu Jian Council.
 28390 | D:13     | Reached skill level 10 in Invocations
 28841 | D:14     | Found a shadowy altar of Dithmenos.
 28863 | D:14     | Noticed Roxanne
 28934 | D:14     | Reached skill level 15 in Spellcasting
 28934 | D:14     | Reached skill level 15 in Conjurations
 28934 | D:14     | Reached skill level 15 in Hexes
 28934 | D:14     | Reached skill level 15 in Summonings
 28934 | D:14     | Reached skill level 15 in Necromancy
 28934 | D:14     | Reached skill level 15 in Translocations
 28934 | D:14     | Reached skill level 15 in Transmutations
 28934 | D:14     | Reached skill level 15 in Fire Magic
 28934 | D:14     | Reached skill level 15 in Ice Magic
 28934 | D:14     | Reached skill level 15 in Air Magic
 28934 | D:14     | Reached skill level 15 in Earth Magic
 28934 | D:14     | Reached skill level 15 in Poison Magic
 29063 | D:13     | Reached XP level 17. HP: 90/126 MP: 0/0
 29063 | D:13     | Learned a level 6 spell: Conjure Ball Lightning
 29201 | D:14     | Found Atubil's Distillery.
 29209 | D:14     | Bought a potion of lignification for 30 gold pieces
 29263 | D:14     | Found a gate to the Vaults.
 29742 | D:15     | Entered Level 15 of the Dungeon
 30748 | D:15     | Found a staircase to the Depths.
 31246 | Snake:1  | Entered Level 1 of the Snake Pit
 31485 | Snake:1  | Found Harajy's Antique Armour Shoppe.
 32878 | Snake:1  | Found Harajy's Antique Armour Shoppe.
 35419 | Snake:3  | Mangled by a naga

Illustrated notes

Levels and vault maps discovered:
D:1:      ldierk_walled_garden_2, layout_loops_corners, minmay_bisected
D:2:      minmay_door_path, layout_basic, basic_altar
D:3:      layout_loops_cross, trog_three_pillars_becter, old_standard_altar
D:4:      layout_loops_ring, minmay_manual_monolith
D:5:      gammafunk_cloud_chamber, layout_basic, cheibrodos_ashenzari_chains,
          item_on_display_a
D:6:      layout_loops_ring, serial_shops, nicolae_shop_real_fake_doors,
          minivault_25, uniq_menkaure
D:7:      layout_loops_ring, kennysheep_okawaru_gauntlet,
          minmay_temple_entry_enclosed_plants, nicolae_shop_vocational,
          uniq_prince_ribbit1
D:8:      layout_loops_ring, serial_shops, nicolae_shop_tiny_real_fake_doors,
          nicolae_shop_stone, nicolae_shop_just_a_little_nook,
          minmay_misc_feat_nine_boxes
D:9:      layout_roguey, orc_david_3, gammafunk_ghost_ooze,
          kennysheep_cross_room
D:10:     layout_cave_pools, nicolae_ru_sacrificial_ziggurat, elyvilon_altar_1,
          enter_bailey_2, minmay_fractal_squares_5, uniq_lodul
D:11:     minmay_blocky_corners, layout_long_grid, david_lair_generic,
          serial_shops, nicolae_shop_window_shopping
D:12:     layout_basic, nzn_wu_jian_contemplation
D:13:     layout_roguey
D:14:     layout_rooms, erik_vaults_1, serial_park_square2, serial_shops,
          nicolae_shop_just_a_little_nook, serial_corexii_hall,
          corexii_hall_statues_x, corexii_hall_statues_x,
          corexii_hall_statues_x, uniq_roxanne
D:15:     grunt_enter_depths_hoard, layout_loops_ring,
          minmay_misc_feat_four_crosses, minmay_mirror_moons_of_madness
Temple:   nicolae_temple_x_marks_the_god
Lair:1:   layout_loops_ring, grunt_megastairs_2, uniq_gastronok
Lair:2:   layout_concentric_octagons, minmay_snake_entry_guardpost_large
Lair:3:   layout_chaotic_city, minmay_shoals_entry_hut, uniq_snorg
Lair:4:   layout_hall_layers, dpeg_slime_entry_enclosed, grunt_megastairs_3
Lair:5:   evil_forest, layout_misc_corridors, gammafunk_ghost_necromancy,
          nicolae_volcano_entry_lava_flow, lemuel_fruit_tree
Snake:1:  layout_layer_cave, serial_shops, shop, drop_trap,
          nicolae_snake_gridmaze_entwining
Snake:2:  layout_layer_cave, drop_trap
Snake:3:  gammafunk_the_bubble [the_bubble_gammafunk_crates], layout_chambers,
          nicolae_snake_omega
Orc:1:    layout_caves
Orc:2:    st_orc_mages, layout_caves, biasface_ghost_orc_armoury

Skill      XL: |  1  2  3  4  5  6  7  8  9 10 11 12 13 14 15 16 17 |
---------------+----------------------------------------------------+-----
Spellcasting   | 3 4 5 6 7 8 9 10 12 13 14 15 | 15.8
Conjurations   | 3 4 5 6 7 8 9 10 12 13 14 15 | 15.8
Hexes          | 3 4 5 6 7 8 9 10 12 13 14 15 | 15.8
Summonings     | 3 4 5 6 7 8 9 10 12 13 14 15 | 15.8
Necromancy     | 3 4 5 6 7 8 9 10 12 13 14 15 | 15.8
Translocations | 3 4 5 6 7 8 9 10 12 13 14 15 | 15.8
Transmutations | 3 4 5 6 7 8 9 10 12 13 14 15 | 15.8
Fire Magic     | 3 4 5 6 7 8 9 10 12 13 14 15 | 15.8
Ice Magic      | 3 4 5 6 7 8 9 10 12 13 14 15 | 15.8
Air Magic      | 3 4 5 6 7 8 9 10 12 13 14 15 | 15.8
Earth Magic    | 3 4 5 6 7 8 9 10 12 13 14 15 | 15.8
Poison Magic   | 3 4 5 6 7 8 9 10 12 13 14 15 | 15.8
Fighting       | 1 2 3 5 6 7 8 9 11 12 13 | 13.9
Shields        | 1 2 3 4 6 7 8 9 11 12 13 | 13.8
Invocations    | 1 4 5 6 7 8 10 12 | 12.8
Dodging        | |  2.1
Stealth        | |  1.5

Action                     |  1- 3 |  4- 6 |  7- 9 | 10-12 | 13-15 | 16-18 || total
---------------------------+-------+-------+-------+-------+-------+-------++-------
  Melee: Dagger            |    15 |       |       |       |       |       ||    15
         Punch             |     1 |       |       |       |       |       ||     1
         Short sword       |       |     2 |     2 |     3 |       |     3 ||    10
   Cast: Magic Dart        |    69 |    83 |    23 |     5 |     6 |    29 ||   215
         Call Imp          |     5 |    12 |    10 |    14 |       |       ||    41
         Scorch            |       |    17 |    99 |   327 |    96 |       ||   539
         Mephitic Cloud    |       |     2 |     7 |    28 |     4 |     2 ||    43
         Slow              |       |     3 |       |    13 |    10 |       ||    26
         Summon Guardian G |       |       |    17 |    52 |    26 |     3 ||    98
         Blink             |       |       |       |    10 |     4 |     1 ||    15
         Vhi's Electric Ch |       |       |       |     2 |       |       ||     2
         Fireball          |       |       |       |     1 |   215 |   312 ||   528
         Irradiate         |       |       |       |       |     7 |     4 ||    11
         Leda's Unmaking   |       |       |       |       |    72 |   161 ||   233
         Conjure Ball Ligh |       |       |       |       |       |     3 ||     3
 Invoke: Lesser Servant of |       |       |       |     2 |     3 |       ||     5
         Minor Destruction |       |       |       |       |     2 |       ||     2
    Use: Scroll            |       |     5 |     4 |     3 |     6 |     9 ||    27
         Potion            |       |       |       |       |     1 |     1 ||     2
   Stab: Sleeping          |     1 |       |       |     1 |       |       ||     2
         Confused          |       |       |     1 |       |       |     1 ||     2
 Armour: Robe              |     7 |    10 |       |       |       |       ||    17
         Leather armour    |       |     2 |    31 |    15 |       |       ||    48
         Steam dragon scal |       |       |       |    59 |    39 |       ||    98
         Troll leather arm |       |       |       |       |    72 |   127 ||   199
  Dodge: Dodged            |    13 |    15 |    16 |    41 |    31 |    39 ||   155
  Block: Kite shield       |       |       |     5 |    68 |    67 |    79 ||   219

Table legend: (Time is in decaauts)
 A = Elapsed time spent in this place.
 B = Non-inter-level travel time spent in this place.
 C = Inter-level travel time spent in this place.
 D = Time resting spent in this place.
 E = Time spent auto-exploring this place.
 F = Levels seen in this place.
 G = Mean time per level.
                   A        B        C        D        E       F      G
               +--------+--------+--------+--------+--------+-----+--------+
         Total |  35480 |  31526 |   3954 |   7286 |  18373 |  28 | 1267.1 |
       Dungeon |  20723 |  17980 |   2743 |   4569 |  10086 |  15 | 1381.5 |
        Temple |     63 |     62 |      1 |      0 |      0 |   1 |   63.0 |
          Lair |   7933 |   7043 |    890 |   1726 |   4051 |   5 | 1586.6 |
     Snake Pit |   4172 |   3958 |    214 |    293 |   3181 |   3 | 1390.7 |
  Orcish Mines |   1461 |   1356 |    105 |    248 |    729 |   2 |  730.5 |
        Bailey |    597 |    597 |      0 |    247 |    197 |   1 |  597.0 |
       Volcano |    527 |    527 |      0 |    203 |    129 |   1 |  527.0 |
               +--------+--------+--------+--------+--------+-----+--------+

Top non-repeatable levels by time:
    D:11: 3852 daAuts
 Snake:1: 2636 daAuts
  Lair:2: 2519 daAuts
     D:9: 2281 daAuts
  Lair:1: 1553 daAuts
    D:10: 1531 daAuts
 Snake:2: 1528 daAuts
     D:8: 1409 daAuts
  Lair:5: 1408 daAuts
    D:15: 1267 daAuts
  Lair:3: 1249 daAuts
  Lair:4: 1203 daAuts
     D:1: 1193 daAuts
    D:14: 1167 daAuts
     D:5: 1139 daAuts
